 Dungeon Crawl Stone Soup version 0.29-a0-271-gd4eb659eea (webtiles) character file.

Game seed: 8182203946210176189

47 Crownlay the Digger (level 3, -1/19 HPs)
             Began as a Gargoyle Earth Elementalist on Mar 8, 2022.
             Slain by a ball python (2 damage)
             ... on level 2 of the Dungeon.
             The game lasted 00:02:13 (1519 turns).

Crownlay the Digger (Gargoyle Earth Elementalist)   Turns: 1519, Time: 00:02:13

Health: -1/19      AC:  9    Str: 11    XL:     3   Next: 70%
Magic:  0/7        EV:  8    Int: 17    God:
Gold:   8          SH:  0    Dex: 10    Spells: 7/8 levels left

rFire   . . .      SeeInvis .   d - +0 dagger
rCold   . . .      Faith    .   (no shield)
rNeg    + . .      Spirit   .   b - +0 robe
rPois   ∞          Reflect  .   (no helmet)
rElec   +          Harm     .   (no cloak)
rCorr   .          Rampage  .   (no gloves)
Will    .....                   (no boots)
Stlth   ++........              (no amulet)
HPRegen 0.06/turn               f - +4 ring of protection
MPRegen 0.10/turn               (no ring)

@: constricted
A: sickness immunity, AC +3, negative energy resistance 1, electricity
resistance, torment resistance 1, petrification resistance
a: no special abilities


You were on level 2 of the Dungeon.
You visited 1 branch of the dungeon, and saw 2 of its levels.

You collected 8 gold pieces.

Inventory:

Hand Weapons
 d - a +0 dagger (weapon)
Missiles
 a - 43 stones
Armour
 b - a +0 robe (worn)
Jewellery
 f - a +4 ring of protection (left hand)
 i - a ring of protection from fire
Scrolls
 e - a scroll of identify {unknown}
 g - a scroll of vulnerability {unknown}
Potions
 c - a potion of magic
 h - a potion of haste {unknown}


   Skills:
 - Level 1.5 Dodging
 - Level 2.1 Stealth
 * Level 3.2 Spellcasting
 - Level 0.7 Transmutations
 + Level 4.3 Earth Magic


You had 7 spell levels left.
You knew the following spells:

 Your Spells              Type           Power      Damage    Failure   Level
a - Sandblast             Erth           34%        2d9       3%          1

Your spell library contained the following spells:

 Spells                   Type           Power      Damage    Failure   Level
 Passwall                 Tmut/Erth      9%         N/A       9%          2
 Stone Arrow              Conj/Erth      20%        3d8       22%         3
 Petrify                  Tmut/Erth      11%        N/A       52%         4


Dungeon Overview and Level Annotations

Branches:
Dungeon (2/15)

Altars:


Innate Abilities, Weirdness & Mutations

You are immune to sickness and miasma.
Your stone body is resilient. (AC +3)
You are immune to poison.
You resist negative energy. (rN+)
You are resistant to electric shocks. (rElec)
You are resistant to unholy torment.
You are immune to petrification.


Message History

The jackal is severely wounded.
The jackal completely misses you. The ball python barely misses you.
The ball python misses you. The jackal misses you.
You hit the jackal.
You kill the jackal!
The ball python bites you.
* * * LOW HITPOINT WARNING * * *
The ball python misses you. The ball python barely misses you. x2
You miss the jackal. Your punch misses the jackal. The jackal misses you.
The ball python bites you but does no damage.
The ball python grabs you. The ball python constricts you.
The jackal bites you but does no damage.
Casting: Sandblast (safe; 3% risk of failure)
Confirm with . or Enter, or press ? or * to list all spells.
Aiming: Sandblast (safe; 3% risk of failure)
Press: ? - help, Shift-Dir - straight line, f - jackal
Aim: a jackal (74% to hit)
The blast of sand hits the jackal.
The jackal is lightly wounded.
The ball python closely misses you. The ball python constricts you.
The jackal bites you but does no damage.
You hit the jackal.
The jackal is moderately wounded.
The jackal barely misses you. The ball python barely misses you.
The ball python constricts you.
* * * LOW HITPOINT WARNING * * *
You hit the jackal but do no damage.
The jackal is moderately wounded.
The jackal barely misses you. The ball python closely misses you.
The ball python constricts you.
The jackal bites you but does no damage.
You closely miss the jackal.
The jackal is moderately wounded.
The ball python bites you but does no damage.
The ball python constricts you. The jackal barely misses you.
The ball python closely misses you. The ball python constricts you.
You hit the jackal.
The jackal is heavily wounded.
The jackal barely misses you. The ball python bites you.
You die...

......####.#.#....
♣.................
................♣
♣....†.........♣P♣
....)............. #..
.....[..##h#.##♣♣. ♣...
.........#.#.# ♣♣♣♣♣....
.............####.........
..?............h@......#.#.#
......###..###.##S.........#
...... ##.................
...... #[....###......#.##
#...†####...##....##
#....##.....#......#####
#..♣.♣....#............##
#....##..................
..♣#♣.♣#♣...#...>...###††♣


You could see a jackal and a ball python.

Vanquished Creatures
  A worm (D:2)
  2 dart slugs (D:1)
  4 bats
  2 endoplasms (D:1)
  3 giant cockroaches (D:1)
  4 goblins
  4 hobgoblins
  7 jackals (D:2)
  A quokka (D:1)
  3 frilled lizards
  3 kobolds (D:1)
  3 rats
37 creatures vanquished.

Notes
Turn   | Place    | Note
-------+----------+-------------------------------------------
     0 | D:1      | Crownlay the Gargoyle Earth Elementalist began the quest
                  | for the Orb.
     0 | D:1      | Reached XP level 1. HP: 10/10 MP: 3/3
   209 | D:1      | Reached XP level 2. HP: 9/15 MP: 5/5
   700 | D:1      | Reached skill level 4 in Earth Magic
  1035 | D:1      | Reached XP level 3. HP: 17/19 MP: 0/7
  1519 | D:2      | Slain by a ball python

Illustrated notes

Levels and vault maps discovered:
D:1:      lemuel_arrival_river_passageway, layout_basic,
          corexii_leaking_fountain
D:2:      layout_rooms, dreamdust_ecumenical_altar_angels_and_demons,
          serial_forest, infiniplex_forest_lined_ring,
          infiniplex_forest_clump_small, infiniplex_forest_end_2,
          infiniplex_forest_lined_4_way, infiniplex_forest_lined_room_2,
          infiniplex_forest_corner_1, infiniplex_forest_end_1,
          infiniplex_forest_lined_1

Skill      XL: |  1  2  3 |
---------------+----------+-----
Earth Magic    | 4 |  4.3
Spellcasting   | 3 |  3.2
Dodging        | |  1.5
Stealth        | |  2.1
Transmutations | |  0.7

Action                   || total
-------------------------++-------
Melee: Dagger            ||   127
       Unarmed           ||     1
       Punch             ||     1
 Cast: Sandblast         ||    31
 Stab: Sleeping          ||     3
Armor: Robe              ||    98
Dodge: Dodged            ||   176

Table legend: (Time is in decaauts)
 A = Elapsed time spent in this place.
 B = Non-inter-level travel time spent in this place.
 C = Inter-level travel time spent in this place.
 D = Time resting spent in this place.
 E = Time spent auto-exploring this place.
 F = Levels seen in this place.
 G = Mean time per level.
                   A        B        C        D        E       F      G
               +--------+--------+--------+--------+--------+-----+--------+
         Total |   1524 |   1514 |     10 |      0 |   1194 |   2 |  762.0 |
       Dungeon |   1524 |   1514 |     10 |      0 |   1194 |   2 |  762.0 |
               +--------+--------+--------+--------+--------+-----+--------+

Top non-repeatable levels by time:
     D:1: 1285 daAuts
     D:2: 239 daAuts
